 Dungeon Crawl Stone Soup version 0.26-a0-660-gc07710193c (webtiles) character file.

Game seed: 8752205914105321608

1150 flotson the Covered (level 8, 0/73 HPs)
             Began as a Deep Dwarf Monk on Oct 8, 2020.
             Slain by an orc warrior
             ... wielding a +0 trident
              (14 damage)
             ... on level 5 of the Dungeon.
             The game lasted 00:10:31 (4492 turns).

flotson the Covered (Deep Dwarf Monk)               Turns: 4492, Time: 00:10:32

Health: 0/73       AC:  8    Str: 19    XL:     8   Next: 15%
Magic:  5/12 (3)   EV: 12    Int:  9    God:
Gold:   13         SH:  0    Dex: 15    Spells: 7/7 levels left

rFire    x . .     SeeInvis .   a - +4 short sword of Disorder {vorpal, MP+9 Str+2 Int-2}
rCold    + + .     Faith    +   (no shield)
rNeg     . . .     Spirit   .   t - +0 scale mail
rPois    .         Reflect  .   x - +0 helmet
rElec    .         Harm     .   (no cloak)
rCorr    .         Rampage  .   (no gloves)
MR       +....                  (no boots)
Stlth    +.........             m - amulet of faith
HPRegen  0.00/turn              p - ring of protection from cold
MPRegen  0.13/turn              r - ring of ice (curse)

@: non-regenerating
A: damage resistance, heal wounds, sense surroundings 1, no regeneration
a: Heal Wounds


You were on level 5 of the Dungeon.
You visited 1 branch of the dungeon, and saw 6 of its levels.

You collected 275 gold pieces.
You spent 262 gold pieces at shops.

Inventory:

Hand Weapons
 a - the +4 short sword of Disorder (weapon) {vorpal, MP+9 Str+2 Int-2}
   (You bought it in a shop on level 5 of the Dungeon)

   It inflicts extra damage upon your enemies.
   It affects your strength (+2).
   It affects your intelligence (-2).
   It affects your magic capacity (+9).
 b - a +1 hunting sling of flaming
Missiles
 e - 87 stones
 n - a throwing net (quivered)
 o - 2 datura-tipped darts
 q - 3 boomerangs of dispersal
 s - 21 poisoned darts
Armour
 t - a +0 scale mail (worn)
 x - a +0 helmet (worn)
Jewellery
 m - an amulet of faith (around neck)
 p - a ring of protection from cold (left hand)
 r - a cursed ring of ice (right hand)
Wands
 C - a wand of polymorph (8)
Scrolls
 c - 4 scrolls of remove curse {unknown}
 f - 2 scrolls of magic mapping {unknown}
 i - 2 scrolls of teleportation {unknown}
 k - 4 scrolls of identify {unknown}
 l - 2 scrolls of amnesia {unknown}
 y - a scroll of immolation {unknown}
Potions
 d - 2 potions of lignification {unknown}
 g - 2 potions of berserk rage {unknown}
 h - a potion of might {unknown}
 j - a potion of heal wounds
 u - 2 potions of brilliance {unknown}
 v - a potion of haste {unknown}
 z - a potion of mutation {unknown}
 A - a potion of flight {unknown}
 B - a potion of cancellation {unknown}


   Skills:
 + Level 4.5 Fighting
 + Level 4.1 Short Blades
   Level 3.6 Axes
 + Level 1.6 Slings
 + Level 0.2(0.8) Throwing
 + Level 6.2 Armour
 + Level 4.7 Dodging
 + Level 3.4 Stealth


You had 7 spell levels left.
You didn't know any spells.
Your spell library contained the following spells:

 Spells                   Type           Power        Failure   Level
 Magic Dart               Conj           #...         73%         1
 Blink                    Tloc           N/A          86%         2
 Call Imp                 Summ           #.......     86%         2
 Slow                     Hex            #.......     86%         2
 Conjure Flame            Conj/Fire      #.......     97%         3
 Gell's Gravitas          Tloc           #.........   97%         3
 Mephitic Cloud           Conj/Pois/Air  #.......     97%         3
 Portal Projectile        Hex/Tloc       #.....       97%         3
 Dispersal                Tloc           #.........   100%        6
 Disjunction              Tloc           #.........   100%        8


Dungeon Overview and Level Annotations

Branches:
Dungeon (6/15)
 Temple: D:4-7

Altars:
Gozag

Shops:
D:5 (

Annotations:
D:5 2 transporters


Innate Abilities, Weirdness & Mutations

You are resistant to damage.
You can heal yourself by infusing magical energy.
You passively map a small area around you.
You do not regenerate.


Message History

The orc warrior hits you with a +0 trident!
You barely miss the orc warrior.
The orc warrior is heavily wounded.
The orc warrior barely misses you.
You hit the orc warrior.
The orc warrior is severely wounded.
The orc warrior hits you with a +0 trident!
* * * LOW HITPOINT WARNING * * *
You closely miss the orc warrior.
The orc warrior is severely wounded.
The orc warrior hits you but does no damage.
You hit the orc warrior but do no damage.
The orc warrior is severely wounded.
You hit the orc warrior.
The orc warrior is almost dead.
The orc warrior barely misses you.
You hit the orc warrior.
The orc warrior is almost dead.
The orc warrior hits you with a +0 trident!
You die...

#.........#.........####...
#.........'.........+......
####..#...#..#.....)...####...
#.....##..#..##..)....## ##..
#.##..###.#..###.....########.
#..###.......####...........##
#..#∩'........# ##[.#######.##
##.#####..###†# #..# #.# ###
#..###@# #..# #####.##
#....o.# ##..###.[.....
#.###..###.......[...##
#.###..##.....##[##..#
#......###...........#
#####............##.##
#######..######.# #..# #.#
#..######.#


You could see an orc warrior.

Vanquished Creatures
  Sigmund (D:5)
  Duvessa (D:5)
  An ogre (D:3)
  A centaur (D:5)
  Dowan (D:5)
  A scorpion (D:3)
  A quasit (D:5)
  A hound (D:5)
  A bullfrog skeleton (D:5)
  2 orc priests
  Jessica (D:2)
  8 worker ants
  2 orc wizards
  Robin (D:3)
  A howler monkey skeleton (D:4)
  7 adders
  A shadow imp (D:5)
  2 oozes
  An adder skeleton (D:5)
  2 worms
  A dart slug (D:3)
  3 leopard geckos
  10 orcs
  2 ball pythons
  3 giant cockroaches
  10 hobgoblins
  7 jackals
  2 quokkas
  A ball python skeleton (D:4)
  4 bats
  2 frilled lizards (D:2)
  21 goblins
  6 kobolds
  A leopard gecko skeleton (D:5)
  A leopard gecko zombie (D:5)
  7 rats
118 creatures vanquished.

Vanquished Creatures (collateral kills)
  A goblin (D:3)
1 creature vanquished.

Vanquished Creatures (others)
  6 plants (D:5)
6 creatures vanquished.

Grand Total: 125 creatures vanquished

Notes
Turn   | Place    | Note
-------+----------+-------------------------------------------
     0 | D:1      | flotson the Deep Dwarf Monk began the quest for the Orb.
     0 | D:1      | Reached XP level 1. HP: 20/20 MP: 1/1
   170 | D:1      | Reached XP level 2. HP: 21/27 MP: 2/2
   886 | D:2      | Reached XP level 3. HP: 27/34 MP: 3/3
   935 | D:2      | Noticed Jessica
   943 | D:2      | Killed Jessica
   943 | D:2      | Reached skill level 1 in Armour
   943 | D:2      | Reached XP level 4. HP: 23/42 MP: 4/4
  1970 | D:3      | Reached skill level 1 in Short Blades
  2085 | D:3      | Reached skill level 1 in Slings
  2198 | D:3      | Noticed Robin
  2204 | D:3      | Reached XP level 5. HP: 45/49 MP: 4/4
  2217 | D:3      | Killed Robin
  2414 | D:3      | Found an opulent altar of Gozag.
  2551 | D:4      | Reached skill level 2 in Armour
  2794 | D:4      | Reached XP level 6. HP: 56/57 MP: 5/5
  2918 | D:3      | Reached skill level 3 in Armour
  3038 | D:3      | HP: 1/57 [orc priest/nerve-wracking pain (7)]
  3185 | D:5      | Entered Level 5 of the Dungeon
  3194 | D:5      | Reached skill level 4 in Armour
  3194 | D:5      | Reached XP level 7. HP: 61/64 MP: 4/4
  3207 | D:5      | Noticed Dowan
  3208 | D:5      | Noticed Duvessa
  3216 | D:5      | Killed Dowan
  3225 | D:5      | Killed Duvessa
  3436 | D:5      | Found Plog's Antique Weapon Shoppe.
  3439 | D:5      | Bought a slimy short sword for 168 gold pieces
  3439 | D:5      | Identified the +4 short sword of Disorder {vorpal, MP+9
                  | Str+2 Int-2} (You bought it in a shop on level 5 of the
                  | Dungeon)
  3544 | D:5      | Reached skill level 5 in Armour
  3710 | D:5      | Noticed Sigmund
  3718 | D:5      | Killed Sigmund
  3881 | D:5      | Found a transporter.
  4002 | D:5      | Reached XP level 8. HP: 64/73 MP: 4/4
  4007 | D:5      | Found a transporter.
  4283 | D:5      | Bought a glowing hunting sling for 94 gold pieces
  4315 | D:5      | Reached skill level 6 in Armour
  4492 | D:5      | Slain by an orc warrior

Illustrated notes

Levels and vault maps discovered:
D:1:      wheals_arrival_shading, layout_loops_ring
D:2:      layout_basic, uniq_jessica
D:3:      kennysheep_goblin_castle, layout_loops_ring, grunt_gozag_breadcrumbs
D:4:      layout_cave_pools
D:5:      layout_loops_corners, gammafunk_ghost_gnarly_gnolls, serial_shops,
          nicolae_shop_window_shopping, uniq_sigmund, uniq_duvessa
D:6:      layout_cave_pools, nicolae_ru_awakened_eye, temple_statues,
          gup_sewer_entry_bubbles, basic_altar, kennysheep_slug_shrine,
          uniq_pikel, uniq_edmund, uniq_blork_the_orc

Skill      XL: |  1  2  3  4  5  6  7  8 |
---------------+-------------------------+-----
Fighting       | 3 4 |  4.5
Armour         | 1 2 4 5 6 |  6.2
Stealth        | 3 |  3.4
Short Blades   | 1 2 3 4 |  4.1
Slings         | 1 |  1.6
Dodging        | 4 |  4.7
Axes           | |  3.6
Throwing       | |  0.2

Action                   |  1- 3 |  4- 6 |  7- 9 || total
-------------------------+-------+-------+-------++-------
Melee: Hand axe          |    52 |       |       ||    52
       Dagger            |    33 |   218 |    30 ||   281
       Short sword       |       |       |    89 ||    89
 Fire: Hunting sling     |       |    40 |    23 ||    63
Throw: Throwing net      |       |     4 |       ||     4
       Dart              |       |     3 |       ||     3
 Abil: Heal Wounds       |       |     7 |     7 ||    14
  Use: Potion            |       |     2 |       ||     2
 Stab: Sleeping          |     1 |     2 |       ||     3
       Distracted        |       |     1 |       ||     1
Armor: Leather armour    |    19 |       |       ||    19
       Ring mail         |     1 |    19 |       ||    20
       Scale mail        |       |    93 |    57 ||   150
Dodge: Dodged            |    49 |   203 |    88 ||   340

Table legend: (Time is in decaauts)
 A = Elapsed time spent in this place.
 B = Non-inter-level travel time spent in this place.
 C = Inter-level travel time spent in this place.
 D = Time resting spent in this place.
 E = Time spent auto-exploring this place.
 F = Levels seen in this place.
 G = Mean time per level.
                   A        B        C        D        E       F      G
               +--------+--------+--------+--------+--------+-----+--------+
         Total |   4476 |   4229 |    247 |    430 |   2731 |   6 |  746.0 |
       Dungeon |   4476 |   4229 |    247 |    430 |   2731 |   6 |  746.0 |
               +--------+--------+--------+--------+--------+-----+--------+

Top non-repeatable levels by time:
     D:5: 1253 daAuts
     D:3: 1191 daAuts
     D:1: 732 daAuts
     D:2: 719 daAuts
     D:4: 536 daAuts
     D:6: 42 daAuts
